 Dungeon Crawl Stone Soup version 0.29.1-15-g9cfb28693d (webtiles) character file.

Game seed: 6725068999817031249

309 firemarshallily the Ruffian (level 6, -2/48 HPs)
             Began as a Demonspawn Wanderer on Apr 17, 2023.
             Slain by a gnoll
             ... wielding a +0 halberd
              (13 damage)
             ... on level 4 of the Dungeon.
             The game lasted 00:10:15 (2758 turns).

firemarshallily the Ruffian (Demonspawn Wanderer)   Turns: 2758, Time: 00:10:16

Health: -2/48      AC:  9    Str: 21    XL:     6   Next: 17%
Magic:  6/6        EV: 10    Int: 11    God:
Gold:   156        SH:  0    Dex: 14    Spells: 5/5 levels left

rFire   . . .      SeeInvis .     - Unarmed
rCold   . . .      Faith    .   (no shield)
rNeg    . . .      Spirit   .   e - +3 ring mail
rPois   .          Reflect  .   (no helmet)
rElec   .          Harm     .   d - +0 cloak
rCorr   .          Rampage  .   (no gloves)
Will    .....                   (no boots)
Stlth   ++........              g - amulet of regeneration
HPRegen 0.96/turn               k - +6 ring of strength
MPRegen 0.10/turn               (no ring)

@: mighty, about to teleport
A: hooves 1, powered by pain 2, spiny 1
a: no special abilities


You were on level 4 of the Dungeon.
You visited 1 branch of the dungeon, and saw 4 of its levels.

You collected 156 gold pieces.

Inventory:

Hand Weapons
 a - a +0 dagger of speed
Armour
 d - a +0 cloak (worn)
 e - a +3 ring mail (worn)
Jewellery
 g - an amulet of regeneration (around neck)
 k - a +6 ring of strength (left hand)
Scrolls
 b - a scroll of teleportation
 c - a scroll of identify
Potions
 f - a potion of cancellation


   Skills:
 * Level 4.0 Fighting
 - Level 1.0 Short Blades
 + Level 2.2 Armour
 + Level 0.8 Dodging
 - Level 3.6 Stealth
 * Level 5.5 Unarmed Combat


You had 5 spell levels left.
You didn't know any spells.
Your spell library contained the following spells:

 Spells                   Type           Power      Damage    Failure   Level
 Gell's Gravitas          Tloc           0%         N/A       86%         3
 Teleport Other           Tloc           0%         N/A       86%         3
 Dispersal                Tloc           0%         N/A       100%        6


Dungeon Overview and Level Annotations

Branches:
Dungeon (4/15)
 Temple: D:4-7

Altars:

Annotations:
D:3 1 runed translucent door, zeram's ghost, amateur HOFi


Innate Abilities, Weirdness & Mutations

You have large cloven feet.
You sometimes gain power by taking damage.
You are partially covered in sharp spines.


Message History

You struggle against the net.
The gnoll hits you from afar with a +0 halberd.
The orc wizard hits you but does no damage.
The orc hits you with a +0 whip. The orc barely misses you.
You tear a large gash into the net.
The gnoll hits you from afar with a +0 halberd!
The orc is struck by your spines. The orc hits you but does no damage.
The orc wizard is struck by your spines.
The orc wizard hits you but does no damage.
The orc hits you with a +0 whip. The endoplasm freezes you.
You are frozen.
You struggle against the net.
The gnoll hits you from afar with a +0 halberd.
The orc wizard casts a spell at you. The puff of flame hits you!
You focus on the pain.
You feel very mighty all of a sudden. The orc hits you but does no damage.
The orc is struck by your spines.
You kill the orc!
The endoplasm freezes you.
You are frozen.
You struggle against the net.
The gnoll hits you from afar with a +0 halberd.
The orc wizard hits you but does no damage.
The orc hits you with a +0 whip. The endoplasm is struck by your spines.
You kill the endoplasm!
Unknown command.
As you read the scroll of teleportation, it crumbles to dust.
You feel strangely unstable. The orc wizard barely misses you.
The orc hits you but does no damage. The gnoll hits you but does no damage.
You rip the net and break free!
The gnoll hits you with a +0 club.
* * * LOW HITPOINT WARNING * * *
The orc wizard hits you with a +0 dagger of flaming.
* * * LOW HITPOINT WARNING * * *
The orc wizard burns you.
* * * LOW HITPOINT WARNING * * *
The gnoll hits you from afar with a +0 spear.
* * * LOW HITPOINT WARNING * * *
The gnoll hits you from afar with a +0 halberd!
You die...

#o........# .##.........#
............## #
.............## ..
K.............##.##..
................... ... ...
........#.#g#.##.# ..#J#..##..
........#.#.og...# ...#......
!.......#.###@.#.####.....#...
...........go))...............
........#.##...[....^........>
......$.#.##..................
.......#.##...........#......
......!.##...........#......
######...............##.)...
####.#...........###...##
..................#...#†..


You could see an orc wizard, 3 gnolls and an orc.

Vanquished Creatures
  A centaur (D:3)
  Blork the orc (D:4)
  A hound (D:4)
  Robin (D:3)
  2 gnolls
  An adder (D:3)
  2 dart slugs
  3 worms
  9 orcs
  9 ball pythons
  5 endoplasms
  3 giant cockroaches
  17 goblins
  4 hobgoblins
  3 jackals (D:4)
  4 kobolds
  3 quokkas
  2 bats
  4 frilled lizards
  3 rats
78 creatures vanquished.

Vanquished Creatures (others)
  7 plants (D:4)
7 creatures vanquished.

Grand Total: 85 creatures vanquished

Notes
Turn   | Place    | Note
-------+----------+-------------------------------------------
     0 | D:1      | firemarshallily the Demonspawn Wanderer began the quest for
                  | the Orb.
     0 | D:1      | firemarshallily set off with the following items: a +0
                  | club, a potion of berserk rage, a potion of lignification,
                  | a +0 cloak, a potion of curing, a +0 leather armour, a
                  | potion of heal wounds.
     0 | D:1      | Reached XP level 1. HP: 15/15 MP: 1/1
   218 | D:1      | HP: 1/22 [quokka (2)]
   224 | D:1      | Discovered your monstrous ancestry.
   224 | D:1      | Gained mutation: You have large cloven feet. [demonic
                  | ancestry]
   224 | D:1      | Reached XP level 2. HP: 21/21 MP: 2/2
  1295 | D:2      | Reached XP level 3. HP: 27/27 MP: 3/3
  1554 | D:2      | Reached skill level 1 in Short Blades
  1664 | D:2      | Reached skill level 1 in Armour
  1933 | D:2      | Found a faded altar of an unknown god.
  2046 | D:3      | Found a runed translucent door.
  2051 | D:3      | Noticed zeram's ghost (amateur HOFi)
  2058 | D:3      | Noticed a centaur
  2100 | D:3      | Killed a centaur
  2101 | D:3      | Reached skill level 5 in Unarmed Combat
  2101 | D:3      | Gained mutation: You are partially covered in sharp spines.
                  | [demonic ancestry]
  2101 | D:3      | Reached XP level 4. HP: 21/35 MP: 4/4
  2105 | D:3      | Gained mutation: You sometimes gain a little power by
                  | taking damage. [demonic ancestry]
  2105 | D:3      | Reached XP level 5. HP: 21/41 MP: 5/5
  2119 | D:3      | Noticed Robin
  2176 | D:3      | Killed Robin
  2668 | D:4      | Noticed Blork the orc
  2679 | D:4      | Killed Blork the orc
  2680 | D:4      | Gained mutation: You sometimes gain power by taking damage.
                  | [demonic ancestry]
  2680 | D:4      | Reached XP level 6. HP: 17/48 MP: 6/6
  2758 | D:4      | Slain by a gnoll

Illustrated notes

Levels and vault maps discovered:
D:1:      dpeg_arrival_more_subterranean_lakeside_camping, layout_loops_ring,
          chequers_serial_rivers_small_b
D:2:      layout_basic, serial_corexii_hall, corexii_hall_statues_x,
          chequers_hall_statues_wall_a, shapermc_ecumenical_altar_pompeii,
          hangedman_decor_riveting, minmay_tripent
D:3:      layout_rooms, ebering_ghost_inner_flame,
          chequers_serial_rivers_room_b, uniq_robin
D:4:      layout_rooms, mainiacjoe_overflow_alcove_1,
          mainiacjoe_overflow_cross_hatched, chequers_jeans, uniq_blork_the_orc

Skill      XL: |  1  2  3  4  5  6 |
---------------+-------------------+-----
Fighting       | 2 3 4 |  4.0
Short Blades   | 1 |  1.0
Armour         | 1 2 |  2.2
Unarmed Combat | 5 |  5.5
Dodging        | |  0.8
Stealth        | |  3.6

Action                   |  1- 3 |  4- 6 || total
-------------------------+-------+-------++-------
Melee: Dagger            |    96 |       ||    96
       Punch             |     4 |       ||     4
       Kick              |    24 |    25 ||    49
       Unarmed           |    34 |    75 ||   109
  Use: Potion            |     9 |       ||     9
       Scroll            |     7 |     2 ||     9
 Stab: Sleeping          |     4 |       ||     4
Armor: Skin              |    33 |       ||    33
       Leather armour    |    22 |       ||    22
       Ring mail         |    36 |    30 ||    66
Dodge: Dodged            |    86 |    48 ||   134
